 Dungeon Crawl Stone Soup version 0.28-a0-94-g325244837d (webtiles) character file.

Game seed: 4012167615595659853

108 Leeroy the Magician (level 5, -1/38 HPs)
             Began as a Djinni Warper on Aug 7, 2021.
             Was an Initiate of Gozag.
             Slain by an ufetubus (3 damage)
             ... on level 4 of the Dungeon.
             The game lasted 00:02:38 (3487 turns).

Leeroy the Magician (Djinni Warper)                 Turns: 3487, Time: 00:02:39

Health: -1/38      AC:  3    Str: 10    XL:     5   Next: 12%
Gold:   251        EV: 11    Int: 16    God:    Gozag SH:  0 Dex: 12

rFire   + + .      SeeInvis .   k - +4 spear
rCold   x . .      Faith    .   (no shield)
rNeg    . . .      Spirit   .   b - +0 leather armour
rPois   ∞          Reflect  .   (no helmet)
rElec   .          Harm     .   (no cloak)
rCorr   .          Rampage  .   (no gloves)
Will    .....                   (boots unavailable)
Stlth   +.........              (no amulet)
HPRegen 0.12/turn               (no ring)
MPRegen 0.00/turn               (no ring)

@: gold aura, flying
A: sickness immunity, fire resistance 2, cold vulnerability 1, float, innate
caster, hp casting, extra vitality 1
a: Renounce Religion, Potion Petition, Call Merchant, Bribe Branch


You were on level 4 of the Dungeon.
You worshipped Gozag.
Gozag was aware of your devotion.
You visited 1 branch of the dungeon, and saw 4 of its levels.

You collected 251 gold pieces.

Inventory:

Hand Weapons
 a - a +0 falchion
 i - a +0 dagger of venom
 k - a +4 spear (weapon)
Missiles
 d - 5 boomerangs of dispersal (quivered)
Armour
 b - a +0 leather armour (worn)
Magical Staves
 f - a staff of fire
Wands
 r - a wand of paralysis (9)
Scrolls
 c - a scroll of blinking
 g - a scroll of enchant weapon {unknown}
 j - a scroll of fear {unknown}
 l - a scroll of torment {unknown}
 n - a scroll of identify {unknown}
 q - a scroll of enchant armour {unknown}
Potions
 e - a potion of degeneration {unknown}
 h - a potion of heal wounds {unknown}
 m - a potion of brilliance {unknown}
 o - 2 potions of curing {unknown}
 p - a potion of attraction {unknown}


   Skills:
 - Level 2.0 Fighting
 - Level 3.0 Long Blades
 - Level 0.7 Throwing
 - Level 1.0 Armour
 - Level 2.1 Dodging
 + Level 3.6 Spellcasting


You couldn't memorise any spells.
You knew the following spells:

 Your Spells              Type           Power      Damage    Failure   Level
a - Blink                 Tloc           N/A        N/A       9%          2
b - Lesser Beckoning      Tloc           7%         N/A       16%         3
c - Gell's Gravitas       Tloc           7%         N/A       16%         3
d - Teleport Other        Tloc           14%        N/A       16%         3
e - Manifold Assault      Tloc           14%        N/A       83%         5
f - Magic Dart            Conj           56%        1d5       5%          1
g - Ensorcelled Hibernat  Hex/Ice        28%        N/A       9%          2
Your spell library was empty.

Dungeon Overview and Level Annotations

Branches:
Dungeon (4/15)
 Temple: D:4-7

Altars:
Gozag


Innate Abilities, Weirdness & Mutations

You are immune to sickness and miasma.
You are immune to poison.
Your flesh is very heat resistant. (rF++)
You are vulnerable to cold. (rC-)
You float through the air rather than walking.
You learn spells naturally, not from books.
Your magical power is your life essence.
You have superior vitality. (+4 HP)


Message History

The hound is severely wounded.
The ufetubus hits you but does no damage.
The ufetubus closely misses you. The hound bites you. The ufetubus hits you.
The ufetubus barely misses you.
You hit the hound.
The hound is almost dead.
The hound closely misses you. The ufetubus closely misses you. x2
The hound completely misses you.
You hit the hound.
The hound is almost dead.
The ufetubus hits you but does no damage.
The ufetubus hits you. The hound bites you but does no damage.
The ufetubus hits you. The ufetubus closely misses you. The hound bites you.
You are too injured to fight recklessly!
You are too injured to fight recklessly!
You are too injured to fight recklessly!
You closely miss the ufetubus. The ufetubus hits you. x2
* * * LOW HITPOINT WARNING * * *
The hound barely misses you.
The ufetubus hits you but does no damage.
The ufetubus misses you.
You hit the ufetubus.
The ufetubus is almost dead.
The hound bites you.
* * * LOW HITPOINT WARNING * * *
The ufetubus barely misses you. The ufetubus hits you.
* * * LOW HITPOINT WARNING * * *
The hound closely misses you.
You barely miss the ufetubus.
The ufetubus is almost dead.
The ufetubus barely misses you. The ufetubus closely misses you.
The hound completely misses you. The ufetubus misses you.
The ufetubus barely misses you. The hound bites you.
* * * LOW HITPOINT WARNING * * *
You puncture the hound!
You kill the hound!
The ufetubus hits you but does no damage.
The ufetubus hits you.
You die...
Your body crumbles into a pile of gold.

............# ### ...
.....###....#.... .
...# #.............. ..
#..####.......<...#
...##...........##...#
...................#..#
≈..............##### .#
≈≈....$5..$....# #
#≈.....@.....>.#
#≈...).#.......#
#≈....#$.......#
#≈.....#.#######
≈≈.......# ≈........#
.........# ...##....#
.. ...##


You could see an ufetubus.

Vanquished Creatures
  2 hounds
  3 adders
  A worm (D:3)
  7 ball pythons
  9 bats
  5 endoplasms
  2 giant cockroaches
  4 goblins
  5 hobgoblins
  2 quokkas
  A frilled lizard (D:3)
  5 kobolds
46 creatures vanquished.

Notes
Turn   | Place    | Note
-------+----------+-------------------------------------------
     0 | D:1      | Leeroy the Djinni Warper began the quest for the Orb.
     0 | D:1      | Reached XP level 1. HP: 18/18 MP: 0/0
   216 | D:1      | Reached XP level 2. HP: 23/23 MP: 0/0
   401 | D:1      | Found a faded altar of an unknown god.
   407 | D:1      | Became a worshipper of Gozag Ym Sagoz the Greedy
   885 | D:1      | Reached XP level 3. HP: 24/28 MP: 0/0
   885 | D:1      | Learned a level 1 spell: Magic Dart
  2670 | D:3      | Reached XP level 4. HP: 33/33 MP: 0/0
  3302 | D:3      | Reached XP level 5. HP: 38/38 MP: 0/0
  3302 | D:3      | Learned a level 2 spell: Ensorcelled Hibernation
  3487 | D:4      | Slain by an ufetubus

Illustrated notes

Levels and vault maps discovered:
D:1:      psy_arrival_statuary, layout_loops_ring,
          ebering_ecumenical_altar_ruins, minmay_tetromino_t4
D:2:      layout_loops_corners
D:3:      layout_basic
D:4:      layout_rooms, cheibrodos_sewer_entry_bend,
          kennysheep_decorative_pillar, minivault_26, chequers_decorated_corner,
          uniq_menkaure

Skill      XL: |  1  2  3  4 |
---------------+-------------+-----
Long Blades    | 2 3 |  3.0
Spellcasting   | 3 |  3.6
Fighting       | |  2.0
Throwing       | |  0.7
Armour         | |  1.0
Dodging        | |  2.1

Action                   |  1- 3 |  4- 6 || total
-------------------------+-------+-------++-------
Melee: Falchion          |    58 |       ||    58
       Spear             |    31 |    51 ||    82
 Stab: Sleeping          |     1 |       ||     1
Armor: Leather armour    |    41 |    11 ||    52
Dodge: Dodged            |    62 |    37 ||    99
       Rpst.: Falchion   |    21 |       ||    21

Table legend: (Time is in decaauts)
 A = Elapsed time spent in this place.
 B = Non-inter-level travel time spent in this place.
 C = Inter-level travel time spent in this place.
 D = Time resting spent in this place.
 E = Time spent auto-exploring this place.
 F = Levels seen in this place.
 G = Mean time per level.
                   A        B        C        D        E       F      G
               +--------+--------+--------+--------+--------+-----+--------+
         Total |   3504 |   3391 |    113 |      0 |   3082 |   4 |  876.0 |
       Dungeon |   3504 |   3391 |    113 |      0 |   3082 |   4 |  876.0 |
               +--------+--------+--------+--------+--------+-----+--------+

Top non-repeatable levels by time:
     D:3: 1540 daAuts
     D:1: 1096 daAuts
     D:2: 840 daAuts
     D:4: 26 daAuts
